Map: Void Thrashing

Players

Aeizori

  • Race: Protoss Protoss
  • Spawn Location: 9:00

ALEJO

  • Race: Terran Terran
  • Spawn Location: 6:00

VOD

Have the link to the VOD?

Description

Definately a Low-Elo player, that or was heavily distracted in this co-op mission we did. Now, I'm not 'good' player either, I find myself decent, but... I'm the Karax. I know I'm under performing as I went for carriers when I should've just went full ground.

Time

  • Played on: May 18, 2025, 9:22 a.m.
  • Length: 21:47
Show
View Real Time Build Order
Export as new Build Order

Aeizori Protoss 

Build Orders:  

Get SALT Encoding   

  12  0:01  Probe (Chrono Boost)  
  13  0:13  Probe (Chrono Boost)  
  14  0:25  Probe (Chrono Boost)  
  15  0:37  Pylon  
  15  0:48  Assimilator  
  15  0:59  Probe (Chrono Boost)  
  16  1:11  Probe (Chrono Boost)  
  17  1:23  Probe (Chrono Boost)  
  18  1:32  Forge  
  18  1:35  Probe (Chrono Boost)  
  19  1:41  Assimilator  
  19  1:47  Probe (Chrono Boost)  
  20  2:06  Pylon  
  20  2:07  Probe (Chrono Boost)  
  21  2:19  Probe (Chrono Boost)  
  21  2:24  Gateway  
  22  2:31  Probe (Chrono Boost)  
  22  2:39  Enhanced Targeting  
  23  2:55  Photon Cannon  
  23  2:59  Solar Efficiency Level 1  
  23  3:11  Probe (Chrono Boost)  
  24  3:23  Probe (Chrono Boost)  
  25  3:35  Probe (Chrono Boost)  
  25  3:36  Gateway  
  26  3:55  Pylon  
  26  4:05  Pylon  
  26  4:07  Pylon  
  26  4:10  Probe (Chrono Boost)  
  27  4:23  Optimized Ordinance  
  27  5:01  Nexus  
  27  5:12  Cybernetics Core  
  27  5:22  Cybernetics Core  
  27  5:37  Probe (Chrono Boost)  
  27  5:49  Probe (Chrono Boost)  
  28  5:56  Warp Gate  
  29  6:01  Probe (Chrono Boost)  
  29  6:03  Protoss Air Weapons Level 1  
  30  6:13  Probe (Chrono Boost)  
  30  6:15  Fortification Barrier  
  31  6:26  Probe (Chrono Boost)  
  32  6:41  Twilight Council  
  32  6:53  Protoss Shields Level 1  
  32  6:55  Protoss Air Armor Level 1  
  32  6:58  Probe (Chrono Boost)  
  32  6:59  Stargate  
  32  7:08  Assimilator  
  33  7:10  Probe (Chrono Boost)  
  34  7:22  Probe (Chrono Boost)  
  35  7:34  Probe (Chrono Boost)  
  36  7:42  Stargate  
  36  7:46  Probe (Chrono Boost)  
  37  7:58  Rapid Recharging, Probe (Chrono Boost)  
  37  8:03  Assimilator  
  38  8:11  Probe (Chrono Boost)  
  38  8:13  Solar Efficiency Level 2  
  39  8:23  Probe (Chrono Boost)  
  40  8:35  Probe (Chrono Boost)  
  41  8:45  Probe (Chrono Boost)  
  41  8:47  Probe (Chrono Boost)  
  43  8:53  Protoss Shields Level 2  
  43  8:57  Probe (Chrono Boost)  
  43  8:59  Probe (Chrono Boost)  
  43  9:09  Probe (Chrono Boost)  
  45  9:11  Probe (Chrono Boost)  
  47  9:23  Probe x2 (Chrono Boost)  
  47  9:29  Fleet Beacon  
  49  9:35  Probe (Chrono Boost)  
  49  9:38  Probe (Chrono Boost)  
  51  9:52  Protoss Air Weapons Level 2  
  51  10:02  Advanced Repair Systems  
  51  10:04  Protoss Air Armor Level 2  
  51  10:25  Pylon  
  51  10:28  Pylon  
  51  10:29  Pylon  
  51  10:30  Pylon  
  51  10:36  Pylon x2  
  51  10:39  Pylon  
  51  10:40  Pylon  
  51  10:42  Pylon  
  51  11:25  Carrier  
  51  11:32  Unknown x3  
  57  12:01  Carrier  
  57  12:07  Anion Pulse-Crystals  
  57  12:15  Unknown  
  57  12:29  Protoss Shields Level 3  
  63  12:34  Sentinel x2  
  67  13:11  Solar Efficiency Level 3  
  67  13:46  Protoss Air Weapons Level 3  
  67  13:59  Protoss Air Armor Level 3  
  67  14:00  Sentinel  
  67  14:01  Sentinel  
  67  14:38  Carrier  
  69  15:29  Carrier  
  69  15:45  Carrier  
  69  15:53  Carrier  
  69  16:01  Sentinel  
  69  16:02  Sentinel  
  79  16:15  Reconstruction  
  87  17:44  Carrier  
  93  18:57  Carrier  
  93  19:39  Carrier  
Show
View Real Time Build Order
Export as new Build Order

ALEJO Terran 

Build Orders:  

Get SALT Encoding   

  12  0:41  SCV  
  13  0:54  Refinery  
  13  0:55  SCV  
  14  1:01  Refinery  
  14  1:10  SCV  
  15  1:56  Supply Depot  
  15  1:57  SCV  
  16  2:04  Barracks  
  16  2:12  SCV  
  16  2:13  Barracks  
  17  3:01  Marine  
  20  3:10  Marine  
  18  3:18  Marine  
  19  3:25  Barracks Tech Lab  
  20  3:32  Barracks Reactor  
  21  3:47  Medic  
  21  3:49  Supply Depot  
  21  3:56  Medic  
  23  4:05  Firebat  
  27  4:11  Marine  
  27  4:12  Marine  
  27  4:16  Marauder  
  30  4:44  Factory  
  30  4:55  Supply Depot  
  30  4:58  Marine x2  
  30  5:07  Marine x2  
  30  5:08  Marine  
  32  7:41  Command Center  
  32  8:14  Factory Tech Lab  
  32  8:21  Supply Depot  
  32  8:26  Supply Depot  
  32  8:32  Supply Depot  
  32  8:35  Supply Depot  
  32  8:36  Siege Tank  
  35  8:53  Siege Tank  
  38  9:11  Siege Tank  
  58  9:30  Marine x2  
  41  9:38  Marine  
  41  9:39  Marine  
  43  9:40  Firebat  
  43  9:47  Marine  
  43  9:48  Marine  
  47  9:51  Marine  
  47  9:56  Marine  
  47  9:57  Marine  
  52  10:25  Firebat  
  54  10:36  Firebat  
  54  10:49  SCV  
  57  11:04  SCV  
  58  11:19  SCV  
  59  11:33  SCV  
  60  11:40  Supply Depot  
  60  11:47  Supply Depot  
  60  12:02  Supply Depot  
  60  12:27  Siege Tank  
  60  12:29  Supply Depot  
  60  12:36  Marauder  
  60  12:44  Marine, Siege Tank  
  60  12:47  Marine  
  65  13:02  Siege Tank  
  65  16:21  SCV  
  66  16:36  SCV  
  67  16:41  Refinery  
  67  16:48  Refinery  
  67  16:51  SCV  
  68  17:05  SCV  
  69  17:20  SCV  
  33  19:30  Siege Tank  
  36  19:40  Marine x2  
  36  19:46  Medic  
  36  19:47  Siege Tank  
  36  19:49  Marine x2  
  38  19:55  Medic  
  38  19:58  Marine x2  
  47  20:03  Medic  
  47  20:05  Siege Tank  
  47  20:06  Marine  
  47  20:07  Marine  
  49  20:12  Marine  
  55  20:21  Marine  
  55  20:23  Siege Tank  
  59  20:40  Siege Tank  
Tags
 
Add a new tag
Caveats
  • Supply blocks, unpowered buildings, or Contaminate may cause inaccurate times.
  • Supply counts are checked every 10 seconds.